 Dungeon Crawl Stone Soup version 0.25.1-2-g60ff931df9 (webtiles) character file.

Game seed: 8380562047063889988

8083 lorenzova the Thaumaturge (level 11, 0/54 HPs)
             Began as a Deep Elf Conjurer on Sept 16, 2020.
             Was a Believer of Vehumet.
             Slain by a troll (14 damage)
             ... on level 10 of the Dungeon.
             The game lasted 00:26:05 (11642 turns).

lorenzova the Thaumaturge (Deep Elf Conjurer)      Turns: 11642, Time: 00:26:06

Health: 0/54       AC:  3    Str:  5    XL:     11   Next: 5%
Magic:  43/49      EV: 13    Int: 24    God:    Vehumet [**....]
Gold:   547        SH:  0    Dex: 15    Spells: 27/39 levels left

rFire    . . .     SeeInvis .   e - +1 dagger (venom)
rCold    . . .     Gourm    .   (no shield)
rNeg     . . .     Faith    .   a - +1 robe
rPois    .         Spirit   .   (no helmet)
rElec    .         Reflect  .   (no cloak)
rCorr    .         Harm     .   (no gloves)
MR       +....                  (no boots)
Stlth    ++........             (no amulet)
HPRegen  0.18/turn              s - ring of magical power
MPRegen  0.31/turn              y - ring of magical power

@: no status effects
A: no striking features
a: Renounce Religion


You were on level 10 of the Dungeon.
You worshipped Vehumet.
Vehumet was pleased with you.
You were not hungry.

You visited 1 branch of the dungeon, and saw 10 of its levels.

You collected 547 gold pieces.

Inventory:

Hand Weapons
 e - a +1 dagger of venom (weapon)
Armour
 a - a +1 robe (worn)
Jewellery
 d - an uncursed ring of resist corrosion
 o - an uncursed amulet of guardian spirit
 s - a ring of magical power (left hand)
 y - a ring of magical power (right hand)
Wands
 k - a wand of enslavement (8)
 l - a wand of paralysis (8)
 p - a wand of random effects (12)
 A - a wand of flame (10)
Scrolls
 i - 7 scrolls of remove curse
 q - 4 scrolls of random uselessness
 t - 2 scrolls of teleportation
 w - a scroll of amnesia
 C - a scroll of enchant weapon {unknown}
 F - 3 scrolls of identify
Potions
 b - a potion of degeneration
 f - 5 potions of curing
 g - a potion of berserk rage
 h - a potion of heal wounds
 j - 2 potions of stabbing
 m - 3 potions of haste
 n - 3 potions of brilliance
 r - 2 potions of might {unknown}
 u - a potion of flight
 v - a potion of invisibility {unknown}
 x - a potion of mutation {unknown}
 z - 2 potions of lignification {unknown}
 B - 2 potions of magic {unknown}
 D - a potion of cancellation {unknown}
Comestibles
 c - 22 rations
 E - 2 chunks of flesh


   Skills:
 - Level 2.4 Dodging
 - Level 2.4 Stealth
 * Level 14.6 Spellcasting
 * Level 13.0 Conjurations
 + Level 3.3 Hexes
 + Level 2.7 Translocations
 + Level 2.6 Fire Magic


You had 27 spell levels left.
You knew the following spells:

 Your Spells              Type           Power        Failure   Level  Hunger
a - Magic Dart            Conj           ####         0%          1    None
b - Foxfire               Conj/Fire      ####         1%          1    None
c - Iskenderun's Mystic   Conj/Tloc      ######..     1%          4    None
d - Fulminant Prism       Conj/Hex       ######....   1%          4    None
z - Searing Ray           Conj           ######       1%          2    None

Your spell library contained the following spells:

 Spells                   Type           Power        Failure   Level  Hunger
 Dazzling Flash           Conj/Hex       ######       1%          3    None
 Beastly Appendage        Tmut           ###...       3%          1    None
 Sticks to Snakes         Tmut           ###.....     4%          2    None
 Spider Form              Tmut/Pois      ###.......   10%         3    None
 Ice Form                 Ice/Tmut       ###.....     32%         4    None
 Blade Hands              Tmut           ###.......   67%         5    ##.....


Dungeon Overview and Level Annotations

Branches:
Dungeon (10/15)            Temple (0/1) D:7             Orc (0/2) D:10
   Lair: D:8-11

Altars:
Dithmenos
Elyvilon
Makhleb
Nemelex Xobeh
Okawaru
Qazlal
Trog
Vehumet
The Shining One

Shops:
D:7 [   D:10 (

Annotations:
D:8 2 transporters


Message History

The troll claws you.
The searing ray hits the troll.
The troll is severely wounded.
The searing ray hits the adder!
You kill the adder!
Vehumet accepts your kill.
You finish channeling your searing ray.
The troll closely misses you. The troll claws you! x2
Casting: Searing Ray (safe; 1% risk of failure)
Confirm with . or Enter, or press ? or * to list all spells.
Aiming: Searing Ray (safe; 1% risk of failure)
Press: ? - help, Shift-Dir - straight line, f/p - troll
Aim: a troll (severely wounded)
The searing ray hits the troll!
The troll is almost dead. (Press . to maintain the ray.)
The troll bites you!
* * * LOW HITPOINT WARNING * * *
The troll claws you!
You die...

####......#.##.#.##.##.##......#
#.#.######.##...##.##. #.....###
##.#.# #<#.###..##.## #.......#
...#.# #.#(# #..##.##.##....####
##.#.####.#.#
##.##..........#### #.#......#.#
#.## #<.........# #.#.######.#
#..# ......##.#### #.#.# #.#
#..# ##..#. #<#
#.#.######'####@.# #..#+ ###
#...##........#.T# ..
######........#...)#
#........#.......
#........###..#### #........#
..# #........# .># #........#
..# #........# ..#


You could see a troll.

Vanquished Creatures
  An unseen horror (D:10)
  Pikel (D:6)
  A deep elf mage (D:10)
  A cyclops (D:10)
  A gargoyle (D:10)
  A kobold demonologist (D:10)
  A troll (D:10)
  A polar bear (D:9)
  Grinder (D:4)
  A hippogriff (D:9)
  Eustachio (D:4)
  A wyvern (D:9)
  A hungry ghost (D:10)
  The ghost of KrasnyyBoyets the Conjurer, an amateur DsCj (D:4)
  A water moccasin (D:6)
  A black bear (D:8)
  A hornet zombie (D:10)
  4 ice beasts
  2 sky beasts
  5 orc warriors
  A necrophage (D:9)
  A wolf (D:9)
  2 centaurs
  An ogre (D:10)
  5 bullfrogs
  A water moccasin skeleton (D:8)
  3 scorpions
  An electric eel (D:9)
  2 centaur zombies
  2 crimson imps
  A bullfrog zombie (D:5)
  6 hounds
  3 jellies (D:9)
  6 orc priests
  2 bullfrog skeletons
  2 centaur skeletons (D:6)
  Ijyb (D:3)
  Natasha (thrice) (D:2)
  2 iguanas (D:4)
  14 orc wizards
  14 worker ants
  2 killer bee zombies
  A worker ant zombie (D:8)
  A howler monkey skeleton (D:5)
  7 adders
  2 shadow imps
  2 ufetubi (D:9)
  6 oozes
  5 worms
  A dart slug (D:1)
  An adder simulacrum (D:9)
  7 leopard geckos
  33 orcs
  5 giant cockroaches
  9 hobgoblins
  16 jackals
  6 quokkas
  6 bats
  3 frilled lizards
  7 goblins
  10 kobolds
  A leopard gecko simulacrum (D:9)
  A leopard gecko skeleton (D:7)
  A quokka skeleton (D:4)
  7 rats
241 creatures vanquished.

Vanquished Creatures (others)
  A slave (D:6)
  A white imp (D:9)
  26 fulminant prisms
28 creatures vanquished.

Grand Total: 269 creatures vanquished

Notes
Turn   | Place    | Note
-------+----------+-------------------------------------------
     0 | D:1      | lorenzova the Deep Elf Conjurer began the quest for the
                  | Orb.
     0 | D:1      | Reached XP level 1. HP: 10/10 MP: 6/6
   453 | D:1      | Reached XP level 2. HP: 15/15 MP: 4/8
   573 | D:1      | Learned a level 2 spell: Searing Ray
  1020 | D:2      | Found a bloodstained altar of Trog.
  1025 | D:2      | Reached skill level 4 in Spellcasting
  1028 | D:2      | Reached skill level 5 in Conjurations
  1028 | D:2      | Reached XP level 3. HP: 19/19 MP: 2/10
  1273 | D:2      | Noticed Natasha
  1279 | D:2      | Killed Natasha
  1281 | D:2      | Reached XP level 4. HP: 23/24 MP: 2/12
  1847 | D:2      | Noticed Natasha
  1851 | D:2      | Killed Natasha
  1851 | D:2      | Reached skill level 5 in Spellcasting
  1853 | D:2      | Noticed Natasha
  1857 | D:2      | Killed Natasha
  2143 | D:3      | Reached XP level 5. HP: 28/28 MP: 12/14
  2169 | D:3      | Noticed a sky beast
  2176 | D:3      | Killed a sky beast
  2176 | D:3      | Reached skill level 6 in Spellcasting
  2715 | D:3      | Reached XP level 6. HP: 32/32 MP: 14/17
  2734 | D:3      | Noticed Ijyb
  2743 | D:3      | Killed Ijyb
  3276 | D:4      | Reached skill level 7 in Spellcasting
  3463 | D:4      | Noticed Grinder
  3468 | D:4      | Killed Grinder
  3468 | D:4      | Reached XP level 7. HP: 20/36 MP: 20/20
  3559 | D:4      | Reached skill level 8 in Spellcasting
  3593 | D:4      | Found a large runed translucent door.
  3593 | D:4      | Found a large runed translucent door.
  3606 | D:4      | Noticed KrasnyyBoyets's ghost (amateur DsCj)
  4008 | D:4      | Noticed Eustachio
  4040 | D:4      | Killed Eustachio
  4191 | D:4      | Found an iron altar of Okawaru.
  4192 | D:4      | Found a sparkling altar of Nemelex Xobeh.
  4480 | D:4      | Killed KrasnyyBoyets's ghost
  4480 | D:4      | Reached skill level 9 in Spellcasting
  4480 | D:4      | Reached XP level 8. HP: 15/41 MP: 23/23
  4699 | D:5      | Entered Level 5 of the Dungeon
  4754 | D:5      | Learned a level 4 spell: Iskenderun's Mystic Blast
  4759 | D:5      | Learned a level 4 spell: Fulminant Prism
  5278 | D:5      | Reached skill level 10 in Spellcasting
  5607 | D:6      | Noticed Pikel
  6145 | D:6      | Killed Pikel
  6145 | D:6      | Reached skill level 11 in Spellcasting
  6145 | D:6      | Reached skill level 10 in Conjurations
  6145 | D:6      | Reached XP level 9. HP: 38/45 MP: 26/26
  6918 | D:7      | You fall into a shaft and drop 2 floors!
  6921 | D:9      | Reached skill level 12 in Spellcasting
  6985 | D:9      | Noticed a polar bear
  6997 | D:9      | Killed a polar bear
  7281 | D:9      | Found a radiant altar of Vehumet.
  7295 | D:9      | Became a worshipper of Vehumet
  7810 | D:9      | Reached skill level 13 in Spellcasting
  7877 | D:9      | Reached XP level 10. HP: 37/50 MP: 29/29
  8308 | D:9      | Found a white marble altar of Elyvilon.
  8312 | D:9      | Found a glowing golden altar of the Shining One.
  8314 | D:9      | Found a burning altar of Makhleb.
  8575 | D:8      | Reached * piety under Vehumet
  8575 | D:8      | Offered knowledge of Freeze by Vehumet.
  8749 | D:8      | Found a transporter.
  8784 | D:8      | Noticed a deep elf knight
  8796 | D:8      | Found a transporter.
  8945 | D:7      | Found Xigyatoad's Antique Armour Shop.
  9256 | D:7      | Found a staircase to the Ecumenical Temple.
  9652 | D:10     | Entered Level 10 of the Dungeon
  9656 | D:10     | Found a stormy altar of Qazlal.
  9990 | D:10     | Found a staircase to the Orcish Mines.
  9992 | D:10     | Found Napnaike's Weapon Emporium.
 10246 | D:10     | Found a shadowy altar of Dithmenos.
 10283 | D:10     | Reached ** piety under Vehumet
 10283 | D:10     | Offered knowledge of Foxfire by Vehumet.
 10302 | D:10     | Learned a level 1 spell: Foxfire
 10438 | D:10     | Reached skill level 14 in Spellcasting
 10438 | D:10     | Reached skill level 1 in Hexes
 10463 | D:10     | Noticed a cyclops
 10463 | D:10     | Noticed a deep elf mage
 10476 | D:10     | Reached skill level 1 in Translocations
 10476 | D:10     | Reached skill level 1 in Fire Magic
 10512 | D:10     | Killed a deep elf mage
 10515 | D:10     | Noticed a gargoyle
 10524 | D:10     | Killed a gargoyle
 10760 | D:10     | Killed a cyclops
 11317 | D:10     | Killed an unseen horror
 11317 | D:10     | Reached XP level 11. HP: 25/54 MP: 31/31
 11642 | D:10     | Slain by a troll

Illustrated notes

Levels and vault maps discovered:
D:1:      ebering_trefoil_3fold, layout_basic, st_stairs_10
D:2:      layout_basic, trog_butcher_becter, uniq_natasha
D:3:      layout_loops_ring, first_ration, uniq_ijyb
D:4:      layout_basic, chequers_temple_overflow_statue_of_worship,
          ebering_ghost_disaster_area, cheibrodos_sewer_entry_bend,
          hangedman_abyss_or_decor_stabs, uniq_grinder, uniq_eustachio
D:5:      layout_basic, nrook_loot_triangle
D:6:      layout_gridville, uniq_pikel
D:7:      layout_rooms, minmay_temple_entry_large_hall, serial_shops, shop
D:8:      gammafunk_wand_slinger, layout_rooms, minmay_misc_feat_chi
D:9:      layout_roguey, fiery_altar_vehumet, minitemple, serial_ice,
          serial_ice_i, serial_ice_o, serial_ice_c, serial_ice_h,
          hangedman_little_slice_of_home, kennysheep_small_square
D:10:     minmay_blocky_corners, layout_basic, orc_david_3, basic_altar,
          grunt_dithmenos_smoke_and_mirrors

Skill      XL: |  1  2  3  4  5  6  7  8  9 10 |
---------------+-------------------------------+-----
Spellcasting   | 4 5 6 7 9 11 13 14 | 14.6
Conjurations   | 5 6 7 8 10 11 13 | 13.0
Hexes          | 3 |  3.3
Translocations | 2 |  2.7
Fire Magic     | 2 |  2.6
Dodging        | |  2.4
Stealth        | |  2.4

Action                   |  1- 3 |  4- 6 |  7- 9 | 10-12 || total
-------------------------+-------+-------+-------+-------++-------
Melee: Dagger            |     7 |       |     9 |     6 ||    22
 Cast: Magic Dart        |    40 |    66 |   120 |   112 ||   338
       Searing Ray       |     3 |    14 |    53 |    48 ||   118
       Fulminant Prism   |       |       |     8 |    18 ||    26
  Use: Scroll            |       |     3 |    14 |     2 ||    19
       Potion            |       |       |       |     2 ||     2
 Stab: Sleeping          |     1 |       |     1 |       ||     2
  Eat: Chunk             |     1 |     7 |    13 |    12 ||    33
Armor: Robe              |       |     1 |    10 |    15 ||    26
Dodge: Dodged            |     8 |    10 |    45 |    32 ||    95
